 Dungeon Crawl Stone Soup version 0.30.1-11-g7821555f0a (webtiles) character file.

Game seed: 541109201189757973

260 Okkudo the Cleaver (level 6, -3/51 HPs)
             Began as a Hill Orc Monk on Dec 4, 2023.
             Slain by a gnoll
             ... wielding a +0 flail
              (10 damage)
             ... on level 3 of the Dungeon.
             The game lasted 00:04:46 (2294 turns).

Okkudo the Cleaver (Hill Orc Monk)                  Turns: 2294, Time: 00:04:46

Health: -3/51      AC:  7    Str: 16    XL:     6   Next: 17%
Magic:  6/6        EV: 12    Int: 10    God:
Gold:   97         SH:  0    Dex: 13    Spells: 5/5 levels left

rFire   . . .        a - +0 hand axe
rCold   . . .        d - orb {light}
rNeg    . . .        l - +0 leather armour
rPois   .            (no helmet)
rElec   .            (no cloak)
rCorr   .            (no gloves)
SInv    .            (no boots)
Will    .....        (no amulet)
Stlth   +            i - +4 ring of protection
HPRegen 0.28/turn    (no ring)
MPRegen 0.10/turn

%: no passive effects
@: glowing
A: no striking features
a: no special abilities


You were on level 3 of the Dungeon.
You visited 1 branch of the dungeon, and saw 3 of its levels.

You collected 97 gold pieces.

Inventory:

Hand Weapons
 a - a +0 hand axe (weapon)
 k - a +0 scythe
Armour
 d - an orb of light (worn)
 l - a +0 leather armour (worn)
Jewellery
 i - a +4 ring of protection (left hand)
Scrolls
 b - a scroll of enchant armour {unknown}
 e - a scroll of identify {unknown}
 m - a scroll of fear {unknown}
 o - a scroll of teleportation {unknown}
Potions
 c - a potion of ambrosia
 f - 2 potions of curing {unknown}
 g - a potion of cancellation {unknown}
 h - 3 potions of heal wounds {unknown}
 j - 3 potions of magic {unknown}
 n - a potion of invisibility {unknown}


   Skills:
 - Level 3.6 Fighting
 * Level 8.9 Axes
 - Level 2.4 Dodging


You had 5 spell levels left.
You didn't know any spells.
Your spell library was empty.

Dungeon Overview and Level Annotations

Branches:
Dungeon (3/15)

Altars:


Message History

The gnoll throws a throwing net.
The throwing net hits you.
You become entangled in the net!
There is an open door here.
You see here a throwing net.
You struggle against the net.
The gnoll shouts!
You struggle against the net.
You struggle against the net.
The gnoll hits you but does no damage.
You rip the net and break free!
The gnoll closely misses you.
You hit the gnoll but do no damage. The gnoll misses you.
The gnoll hits you but does no damage.
You hit the gnoll.
The gnoll is lightly wounded.
The gnoll completely misses you. The gnoll barely misses you.
You slash the gnoll!
The gnoll is severely wounded.
The gnoll closely misses you. x2; The gnoll barely misses you.
You slash the gnoll!
You kill the gnoll!
You hit the gnoll but do no damage. The gnoll misses you.
The gnoll closely misses you.
The gnoll hits you from afar with a +1 halberd of freezing.
The gnoll freezes you.
You hit the gnoll.
The gnoll is heavily wounded.
You hit the gnoll but do no damage.
The gnoll is heavily wounded.
The gnoll barely misses you. The gnoll hits you with a +0 flail.
The gnoll hits you from afar with a +1 halberd of freezing.
The gnoll freezes you.
You hit the gnoll.
The gnoll is severely wounded.
The gnoll hits you from afar with a +0 spear.
The gnoll hits you from afar with a +1 halberd of freezing!
The gnoll freezes you.
* * * LOW HITPOINT WARNING * * *
The gnoll hits you with a +0 flail!
* * * LOW HITPOINT WARNING * * *
The gnoll attacks as you move away! The gnoll hits you with a +0 flail!
You die...

### #.##.# #####.##
#.##.#
#######.##...#####.##.#
....................#.#
#####........#####..#.#
##...##.## #..#.#
##.##### #..#.# #.#
##....## #@# #.......
#g# #.....#. #gg.#
#.###.#. #.....# #.
#†#. #.......#
##.###.#. #.........#
##......#. +.........+
.......†.. #.........#
##....#### ##.......##
##.#.


You could see 3 gnolls.

Vanquished Creatures
  Sigmund (D:2)
  Terence (D:2)
  3 adders (D:2)
  A gnoll (D:3)
  A worm (D:2)
  3 dart slugs (D:1)
  4 endoplasms
  2 giant cockroaches
  6 goblins
  A hobgoblin (D:1)
  4 jackals (D:2)
  3 ball pythons
  2 bats
  4 frilled lizards
  4 kobolds
  4 rats
44 creatures vanquished.

Notes
Turn   | Place    | Note
-------+----------+-------------------------------------------
     0 | D:1      | Okkudo the Hill Orc Monk began the quest for the Orb.
     0 | D:1      | Reached XP level 1. HP: 19/19 MP: 1/1
   193 | D:1      | Reached XP level 2. HP: 26/26 MP: 2/2
   437 | D:1      | Reached skill level 5 in Axes
   824 | D:1      | Reached XP level 3. HP: 31/31 MP: 3/3
  1067 | D:2      | Noticed Sigmund
  1095 | D:2      | Killed Sigmund
  1096 | D:2      | Reached skill level 8 in Axes
  1096 | D:2      | Reached XP level 4. HP: 27/39 MP: 4/4
  1096 | D:2      | Reached XP level 5. HP: 31/45 MP: 5/5
  1273 | D:2      | Noticed Terence
  1300 | D:2      | HP: 2/45 [Terence/+0 short sword of electrocution (20)]
  1302 | D:2      | Killed Terence
  1701 | D:2      | Found a faded altar of an unknown god.
  1818 | D:2      | Reached XP level 6. HP: 51/51 MP: 6/6
  2294 | D:3      | Slain by a gnoll

Illustrated notes

Levels and vault maps discovered:
D:1:      saegor_arrival_simple_b, layout_basic
D:2:      layout_loops_ring, dilly_ecumenical_altar_fadedgnrine,
          serial_bayou_pond_a, uniq_terence, uniq_sigmund
D:3:      layout_loops_corners, serial_shops, nicolae_shop_crystal

Skill      XL: |  1  2  3 |
---------------+----------+-----
Axes           | 5 8 |  8.9
Fighting       | |  3.6
Dodging        | |  2.4

Action                     |  1- 3 |  4- 6 || total
---------------------------+-------+-------++-------
  Melee: Hand axe          |    54 |   119 ||   173
 Armour: Robe              |    12 |       ||    12
         Leather armour    |       |    23 ||    23
  Dodge: Dodged            |    36 |    47 ||    83
